 Dungeon Crawl Stone Soup version 0.27-a0-1196-g3e9cee4cb2 (webtiles) character file.

Game seed: 8395192274940180437

32 polve the Cutter (level 3, -4/43 HPs)
             Began as a Demonspawn Abyssal Knight on May 28, 2021.
             Was a Follower of Lugonu.
             Slain by a goblin
             ... wielding a +0 club
             ... led by Robin
              (5 damage)
             ... on level 2 of the Dungeon.
             The game lasted 00:00:58 (1597 turns).

polve the Cutter (Demonspawn Abyssal Knight)        Turns: 1597, Time: 00:00:59

Health: -4/43      AC:  3    Str: 13    XL:     3   Next: 8%
Magic:  4/4        EV: 11    Int: 13    God:    Lugonu [*.....]
Gold:   40         SH:  0    Dex: 12    Spells: 2/2 levels left

rFire    . . .     SeeInvis .   k - +0 dagger (venom)
rCold    . . .     Faith    .   (no shield)
rNeg     . . .     Spirit   .   b - +0 leather armour
rPois    .         Reflect  .   (helmet restricted)
rElec    .         Harm     .   (no cloak)
rCorr    .         Rampage  .   (no gloves)
Will     .....                  (no boots)
Stlth    ..........             (no amulet)
HPRegen  0.14/turn              (no ring)
MPRegen  0.09/turn              (no ring)

@: berserking, very quick
A: antennae 2
a: Renounce Religion, Depart the Abyss


You were on level 2 of the Dungeon.
You worshipped Lugonu.
Lugonu was aware of your devotion.
You visited 1 branch of the dungeon, and saw 2 of its levels.
You visited the Abyss 1 time.

You collected 40 gold pieces.

Inventory:

Hand Weapons
 a - a +1 short sword
 k - a +0 dagger of venom (weapon)
Missiles
 h - 8 atropa-tipped darts
Armour
 b - a +0 leather armour (worn)
 f - a +0 pair of boots
Scrolls
 c - a scroll of fear {unknown}
 d - a scroll of blinking {unknown}
 i - a scroll of fog {unknown}
 j - a scroll of torment {unknown}
 l - a scroll of noise {unknown}
Potions
 e - a potion of lignification {unknown}


   Skills:
 - Level 3.0 Fighting
 + Level 3.2 Short Blades
 - Level 1.7 Armour
 - Level 0.8 Dodging
 - Level 2.4 Invocations


You had 2 spell levels left.
You didn't know any spells.
Your spell library was empty.

Dungeon Overview and Level Annotations

Branches:
Dungeon (2/15)

Altars:

Annotations:
D:2 Robin


Innate Abilities, Weirdness & Mutations

You have a pair of antennae on your head.


Message History

A hobgoblin comes into view.
You closely miss the ball python.
The ball python is severely wounded.
You kill the ball python!
Lugonu accepts your kill.
You closely miss the goblin.
Your leather armour prevents you from hitting the goblin.
Robin throws the goblin at you! The goblin completely misses you.
You swing at nothing.
A hobgoblin comes into view.
Robin roars a battlecry!
The goblins go into a battle-frenzy!
The goblin hits you with a +0 club.
* * * LOW HITPOINT WARNING * * *
A hobgoblin comes into view.
The hobgoblin shouts!
You hear a shout!
The hobgoblin shouts!
You hit the hobgoblin but do no damage.
The hobgoblin is poisoned.
You hear a shout!
The hobgoblin hits you.
* * * LOW HITPOINT WARNING * * *
Robin roars a battlecry!
The hobgoblin goes into a battle-frenzy!
The goblin closely misses you.
You hit the hobgoblin.
The hobgoblin looks even sicker.
The hobgoblin is moderately wounded.
The hobgoblin closely misses you. The goblin hits you with a +0 club.
* * * LOW HITPOINT WARNING * * *
You barely miss the hobgoblin.
The hobgoblin is moderately wounded.
The hobgoblin barely misses you.
You closely miss the hobgoblin.
The hobgoblin is severely wounded.
The goblin hits you with a +0 club.
* * * LOW HITPOINT WARNING * * *
It was a potion of berserk rage.
A red film seems to cover your vision as you go berserk!
You feel yourself moving faster!
You feel mighty! The hobgoblin misses you. The goblin hits you with a +0 club.
You die...

# #.#..# # #.#..#
... ####.#..###..#
.............#
.....#..####.# .
######..####.## ##.#
#...#..... { ..g.
#)..#.##.#####g.#
#...#.#....g@ggg#
#..##.#..#####......
#..##.#..# ....#
#####..##.#..# ####
.............#
######.##....####..
#..............
######.#####.(. ###


You could see Robin, 4 hobgoblins and a goblin (strong).

Vanquished Creatures
  A dart slug (D:1)
  3 ball pythons
  4 endoplasms
  4 goblins
  4 hobgoblins
  A bat (D:1)
  3 frilled lizards
  4 kobolds (D:1)
  2 rats (D:1)
26 creatures vanquished.

Notes
Turn   | Place    | Note
-------+----------+-------------------------------------------
     0 | Abyss:1  | polve the Demonspawn Abyssal Knight began the quest for the
                  | Orb.
     0 | Abyss:1  | Reached XP level 1. HP: 18/18 MP: 2/2
    44 | Abyss:1  | Noticed a ynoxinul
    64 | D:1      | Escaped the Abyss
   490 | D:1      | Gained mutation: You have a pair of small antennae on your
                  | head. [demonic ancestry]
   490 | D:1      | Reached XP level 2. HP: 24/24 MP: 3/3
  1582 | D:2      | Gained mutation: You have a pair of antennae on your head.
                  | [demonic ancestry]
  1582 | D:2      | Reached XP level 3. HP: 21/29 MP: 4/4
  1582 | D:2      | Noticed Robin
  1596 | D:2      | HP: 1/29 [goblin/+0 club[Robin] (1)]
  1597 | D:2      | Slain by a goblin

Illustrated notes

Levels and vault maps discovered:
D:1:      minmay_arrival_diagonal_passages, layout_loops_corners
D:2:      layout_basic, serial_undead, serial_undead_b, serial_undead_d,
          serial_undead_c, serial_undead_a,
          hellmonk_ecumenical_altar_leap_of_faith, grunt_ministairs_3,
          uniq_crazy_yiuf_cottage, uniq_robin, uniq_sigmund

Skill      XL: |  1  2 |
---------------+-------+-----
Short Blades   | 2 3 |  3.2
Fighting       | |  3.0
Armour         | |  1.7
Dodging        | |  0.8
Invocations    | |  2.4

Action                   || total
-------------------------++-------
Melee: Short sword       ||    38
       Dagger            ||    40
  Use: Potion            ||     1
Armor: Leather armour    ||    12
Dodge: Dodged            ||    46

Table legend: (Time is in decaauts)
 A = Elapsed time spent in this place.
 B = Non-inter-level travel time spent in this place.
 C = Inter-level travel time spent in this place.
 D = Time resting spent in this place.
 E = Time spent auto-exploring this place.
 F = Levels seen in this place.
 G = Mean time per level.
                   A        B        C        D        E       F      G
               +--------+--------+--------+--------+--------+-----+--------+
         Total |   1588 |   1565 |     23 |      0 |   1386 |   3 |  529.3 |
       Dungeon |   1524 |   1501 |     23 |      0 |   1343 |   2 |  762.0 |
         Abyss |     64 |     64 |      0 |      0 |     43 |   1 |   64.0 |
               +--------+--------+--------+--------+--------+-----+--------+

Top non-repeatable levels by time:
     D:1: 1449 daAuts
     D:2: 75 daAuts
 Abyss:1: 64 daAuts
